 Dungeon Crawl Stone Soup version 0.32-a0-576-g706899e69d (webtiles) character file.

Game seed: 17072833367927327107

4229 jasper the Covert (level 10, -12/51 HPs)
             Began as a Spriggan Alchemist on Mar 1, 2024.
             Was a Believer of Vehumet.
             Mangled by a warg (23 damage)
             ... on level 10 of the Dungeon.
             The game lasted 00:13:08 (7241 turns).

jasper the Covert (Spriggan Alchemist)              Turns: 7241, Time: 00:13:08

Health: -12/51     AC:  3    Str:  4    XL:     10   Next: 9%
Magic:  12/27      EV: 22    Int: 28    God:    Vehumet [**....]
Gold:   250        SH:  0    Dex: 15    Spells: 3/19 levels left

rFire   . . .        j - staff of alchemy
rCold   . . .        (shield currently unavailable)
rNeg    . . .        a - +1 robe
rPois   +            (helmet restricted)
rElec   .            (no cloak)
rCorr   .            (gloves unavailable)
SInv    +            (boots unavailable)
Will    +....        (no amulet)
Stlth   ++++         f - ring of magical power
HPRegen 0.28/turn    C - +6 ring of intelligence
MPRegen 0.20/turn

%: no passive effects
@: very quick
A: very small, no large weapons, unfitting armour, see invisible, speed 3
a: Renounce Religion


You were on level 10 of the Dungeon.
You worshipped Vehumet.
Vehumet was pleased with you.
You visited 1 branch of the dungeon, and saw 9 of its levels.
You also visited: Sewer.

You collected 250 gold pieces.

Inventory:

Hand Weapons
 c - a +0 dagger
 i - a +1 short sword of venom
 k - the +5 spear "Hiluy" {elec, +Blink rC++ Int+4 Dex-2}
   (You found it on level 4 of the Dungeon)

   Int+4:     It affects your intelligence (+4).
   Dex-2:     It affects your dexterity (-2).
   rC++:      It greatly protects you from cold.
   +Blink:    It lets you blink.
 s - the +8 spear of an ice cave {holy, rPois rF+ rC+}
   (You found it on level 6 of the Dungeon)

   rF+:       It protects you from fire.
   rC+:       It protects you from cold.
   rPois:     It protects you from poison.
Missiles
 p - 3 datura-tipped darts
 B - a throwing net
Armour
 a - a +1 robe (worn)
Magical Staves
 j - a staff of alchemy (weapon)
 A - a staff of earth
Jewellery
 f - a ring of magical power (left hand)
 m - a ring of magical power
 C - a +6 ring of intelligence (right hand)
 E - a +5 ring of evasion
Talismans
 l - a dragon-blood talisman
Wands
 z - a wand of flame (16)
 G - a wand of digging (3)
Scrolls
 g - a scroll of fog
 n - 2 scrolls of amnesia
 y - a scroll of teleportation
 D - 3 scrolls of vulnerability
 F - a scroll of fear
 H - a scroll of blinking
Potions
 b - a potion of magic
 d - 5 potions of curing
 e - 2 potions of mutation {unknown}
 h - a potion of cancellation {unknown}
 o - 2 potions of degeneration {unknown}
 q - 2 potions of attraction {unknown}
 r - 4 potions of heal wounds {unknown}
 t - 2 potions of haste {unknown}
 u - a potion of enlightenment {unknown}
 v - a potion of brilliance {unknown}
 w - a potion of resistance {unknown}
 x - 2 potions of might {unknown}


   Skills:
 + Level 5.2 Fighting
 + Level 8.8 Dodging
 - Level 10.0 Stealth
 - Level 5.0 Spellcasting
 - Level 2.0 Conjurations
 - Level 5.0 Fire Magic
 - Level 2.0 Air Magic
 - Level 7.0 Alchemy


You had 3 spell levels left.
You knew the following spells:

 Your Spells              Type           Power      Damage    Failure   Level
a - Sting                 Conj/Alch      100%       1d9       1%          1
b - Mephitic Cloud        Conj/Alch/Air  41%        N/A       4%          3
c - Olgreb's Toxic Radia  Alch           62%        N/A       3%          4
d - Sticky Flame          Fire/Alch      57%        2d10      5%          4
e - Ignite Poison         Fire/Alch      57%        N/A       5%          4

Your spell library contained the following spells:

 Spells                   Type           Power      Damage    Failure   Level
 Static Discharge         Conj/Air       36%        3-5/arc   4%          2
 Mercury Vapours          Alch/Air       96%        N/A       1%          2
 Kiss of Death            Conj/Necr      48%        2d9       4%          1
 Sublimation of Blood     Necr           7%         N/A       10%         2
 Call Canine Familiar     Summ           7%         N/A       21%         3
 Sigil of Binding         Hex            7%         N/A       21%         3
 Petrify                  Alch/Erth      39%        N/A       16%         4
 Irradiate                Conj/Alch      24%        3d19      28%         5
 Dimensional Bullseye     Hex/Tloc       3%         N/A       54%         4
 Death Channel            Necr           3%         N/A       100%        6
 Ignition                 Fire           17%        3d7       100%        8
 Death's Door             Necr           3%         N/A       100%        9


Dungeon Overview and Level Annotations

Branches:
Dungeon (11/15)            Temple (0/1) D:5             Orc (0/2) D:11
  Sewer (visited)
   Lair: D:8-11

Altars:
Ashenzari
Qazlal
Trog
Vehumet
Wu Jian
Zin

Annotations:
D:3 exclusion: statue


Innate Abilities, Weirdness & Mutations

You are very small and have problems with some larger weapons.
You are too small for most types of armour.
You have supernaturally acute eyesight. (SInv)
You cover ground extremely quickly. (Speed+++)


Message History

The warg is heavily wounded.
The warg burns!
The warg bites you.
An orc comes into view. It is wielding a +0 flail.
You take 6 damage, and have 32/51 hp.
You now have 17/27 mp.
The warg burns!
The warg shakes off the sticky flame as it moves.
The warg attacks as it pursues you! The warg bites you!
You take 14 damage, and have 18/51 hp.
MASSIVE DAMAGE!!
A killer bee comes into view.
The warg attacks as it pursues you! The warg closely misses you.
Casting: Sticky Flame (dangerous; 5% risk of failure)
Confirm with . or Enter, or press ? or * to list all spells.
Aiming: Sticky Flame (dangerous; 5% risk of failure)
Press: ? - help, Shift-Dir - straight line, f/p - warg
Aim: a warg (almost dead)
You feel a surge of power!
The sticky flame hits the warg.
You kill the warg!
Vehumet accepts your kill.
You feel your power returning.
You now have 14/27 mp.
The warg attacks as it pursues you! The warg completely misses you.
There is a stone staircase leading up here.
The warg completely misses you.
You climb upwards.
There is a stone staircase leading down here.
Casting: Sticky Flame (dangerous; 5% risk of failure)
Confirm with . or Enter, or press ? or * to list all spells.
Aiming: Sticky Flame (dangerous; 5% risk of failure)
Press: ? - help, Shift-Dir - straight line, f - warg
Aim: a warg You feel a surge of power!
The sticky flame hits the warg!
The warg is heavily wounded.
The warg burns!
The warg bites you!
* * * LOW HITPOINT WARNING * * *
The warg misses you.
You take 16 damage, and have 4/51 hp.
MASSIVE DAMAGE!!
You now have 12/27 mp.
The warg burns!
The warg shakes off the sticky flame as it moves.
You feel better. The warg bites you!!
You die...

#.|#...# #.#.#
.......#######...#
.###'##..........#
.#....#.##.....#.#
.####'#..........#
###...######.....#
..#.#.# #.....#
..'.#.# #....h#
###...######....@#
.................#
.#......#........#
)#...#..#.....##.#
........#........#
.................#
.................#
..........#..###.#
#.........#......#


You could see a warg.

Vanquished Creatures
  A two-headed ogre (D:10)
  A kobold demonologist (D:10)
  2 trolls (D:10)
  A hornet (D:10)
  3 shadows (D:10)
  5 yaks (D:10)
  A warg (D:11)
  A water moccasin (D:6)
  A black bear (D:4)
  An orc warrior (D:10)
  2 centaurs
  2 scorpions
  2 killer bees (D:10)
  A howler monkey (D:10)
  A hound (D:6)
  2 orc priests (D:11)
  2 jellies
  A sleepcap (D:6)
  4 iguanas
  6 orc wizards
  A hell rat (Sewer)
  8 gnolls (D:6)
  9 adders
  2 river rats (Sewer)
  2 dart slugs (D:2)
  5 ribbon worms (D:2)
  11 orcs
  7 bats
  9 endoplasms
  3 giant cockroaches
  23 goblins
  12 hobgoblins
  9 jackals
  9 ball pythons
  9 frilled lizards
  11 kobolds
  9 rats
179 creatures vanquished.

Vanquished Creatures (others)
  An arcanist (D:4)
  An orc wizard (D:10)
2 creatures vanquished.

Grand Total: 181 creatures vanquished

Notes
Turn   | Place    | Note
-------+----------+-------------------------------------------
     0 | D:1      | jasper the Spriggan Alchemist began the quest for the Orb.
     0 | D:1      | Reached XP level 1. HP: 9/9 MP: 5/5
   174 | D:1      | Reached XP level 2. HP: 13/13 MP: 1/7
   699 | D:1      | Reached XP level 3. HP: 16/16 MP: 1/9
  1397 | D:2      | Learned a level 3 spell: Mephitic Cloud
  1561 | D:2      | Reached XP level 4. HP: 21/21 MP: 11/11
  1568 | D:2      | Learned a level 4 spell: Olgreb's Toxic Radiance
  1943 | D:2      | Identified the +0 robe of Sif Muna {Harm *Corrode rF+++
                  | Str-3}
  2621 | D:3      | Learned a level 4 spell: Sticky Flame
  2781 | D:3      | Reached skill level 5 in Alchemy
  2898 | D:3      | Reached XP level 5. HP: 24/24 MP: 13/13
  2924 | D:3      | Reached skill level 5 in Spellcasting
  2926 | D:3      | Noticed a centaur
  2940 | D:3      | Killed a centaur
  3110 | D:3      | Found a radiant altar of Vehumet.
  3110 | D:3      | Noticed a frost-covered statue
  3153 | D:3      | Became a worshipper of Vehumet
  3493 | D:3      | Identified a scroll of acquirement
  3493 | D:3      | Acquired a staff of alchemy
  3529 | D:4      | Reached XP level 6. HP: 28/28 MP: 14/14
  3622 | D:4      | Found a stormy altar of Qazlal.
  3645 | D:4      | Found a glowing drain.
  3656 | Sewer    | Entered a sewer
  3736 | Sewer    | Reached skill level 1 in Fire Magic
  3875 | D:4      | Identified the +5 spear "Hiluy" {elec, +Blink rC++ Int+4
                  | Dex-2}
  4179 | D:4      | Found a bloodstained altar of Trog.
  4180 | D:4      | Noticed a wizard
  4188 | D:4      | Killed a wizard
  4253 | D:5      | Entered Level 5 of the Dungeon
  4318 | D:5      | Found a staircase to the Ecumenical Temple.
  4570 | D:5      | Found a glowing silver altar of Zin.
  4616 | D:5      | Reached XP level 7. HP: 22/32 MP: 15/15
  4616 | D:5      | Reached * piety under Vehumet
  4616 | D:5      | Offered knowledge of Freeze by Vehumet.
  4908 | D:6      | Got the Grimoire of the Necropsy
  5656 | D:6      | Offered knowledge of Static Discharge by Vehumet.
  5656 | D:6      | Reached ** piety under Vehumet
  5679 | D:6      | Identified the +8 spear of an ice cave {holy, rPois rF+
                  | rC+}
  5798 | D:6      | Reached skill level 5 in Fire Magic
  5849 | D:7      | You fall into a shaft and drop 3 floors!
  5849 | D:10     | Entered Level 10 of the Dungeon
  5855 | D:10     | Found an ornate altar of the Wu Jian Council.
  5855 | D:10     | Found a broken altar of Ashenzari.
  5922 | D:10     | Noticed a troll
  5941 | D:10     | Killed a troll
  5942 | D:10     | Reached skill level 1 in Conjurations
  5942 | D:10     | Reached XP level 8. HP: 29/36 MP: 16/16
  6035 | D:10     | Reached skill level 1 in Fighting
  6083 | D:10     | Noticed a kobold demonologist
  6087 | D:10     | Reached skill level 4 in Stealth
  6103 | D:10     | Reached skill level 5 in Stealth
  6201 | D:10     | Reached skill level 5 in Dodging
  6201 | D:10     | Reached skill level 6 in Stealth
  6214 | D:10     | Noticed a hornet
  6215 | D:10     | Noticed a troll
  6219 | D:10     | Killed a hornet
  6220 | D:10     | Reached XP level 9. HP: 42/43 MP: 17/17
  6224 | D:10     | Noticed an orange demon
  6258 | D:10     | Killed a kobold demonologist
  6259 | D:10     | Reached skill level 7 in Stealth
  6330 | D:10     | Killed a troll
  6331 | D:10     | Reached skill level 8 in Stealth
  6540 | D:10     | Noticed a two-headed ogre
  6574 | D:10     | Killed a two-headed ogre
  6575 | D:10     | Reached skill level 9 in Stealth
  6747 | D:10     | Reached XP level 10. HP: 51/51 MP: 18/18
  6790 | D:10     | Learned a level 4 spell: Ignite Poison
  6826 | D:10     | Reached skill level 5 in Fighting
  6826 | D:10     | Reached skill level 10 in Stealth
  7222 | D:11     | Found a staircase to the Orcish Mines.
  7241 | D:10     | Mangled by a warg

Illustrated notes

Levels and vault maps discovered:
D:1:      dpeg_arrival_ternary, layout_loops_ring
D:2:      layout_loops_ring
D:3:      layout_basic, vehumet_statue
D:4:      layout_cave_pools, grunt_qazlal_sundering, trog_wizard,
          cheibrodos_sewer_entry_drain
D:5:      layout_basic, nicolae_overflow_crystal_walls,
          minmay_temple_entry_glassed_door
D:6:      corexii_shantytown, layout_cave_pools, minmay_door_square,
          grunt_ministairs_4
D:7:      layout_basic, mainiacjoe_overflow_paths, mainiacjoe_overflow_24_doors,
          serial_shops, shop
D:10:     layout_stronghold, mainiacjoe_overflow_large_starburst,
          minmay_joined_circles
D:11:     layout_loops_ring, erik_orc_4, serial_bayou, serial_bayou_lagoon_a,
          serial_bayou_lake_a, serial_bayou_shore_b, serial_bayou_ford_a,
          serial_bayou_pond_a, serial_shops, shop,
          nicolae_shop_industrial_runoff, dk_noncrumbling_4

Skill      XL: |  1  2  3  4  5  6  7  8  9 10 |
---------------+-------------------------------+-----
Spellcasting   | 3 4 5 |  5.0
Alchemy        | 4 5 6 7 |  7.0
Fire Magic     | 2 5 |  5.0
Conjurations   | 1 2 |  2.0
Air Magic      | 2 |  2.0
Fighting       | 2 4 5 |  5.2
Dodging        | 5 8 |  8.8
Stealth        | 6 9 10 | 10.0

Action                     |  1- 3 |  4- 6 |  7- 9 | 10-12 || total
---------------------------+-------+-------+-------+-------++-------
  Melee: Unarmed           |     1 |       |       |       ||     1
         Dagger            |     2 |       |       |       ||     2
         Short sword       |       |    15 |       |       ||    15
         Staff             |       |       |    21 |       ||    21
         Spear             |       |       |    13 |       ||    13
  Throw: Throwing net      |       |       |     1 |       ||     1
   Cast: Sting             |    91 |   115 |    65 |       ||   271
         Olgreb's Toxic Ra |       |     9 |    25 |     2 ||    36
         Mephitic Cloud    |       |     2 |     2 |       ||     4
         Sticky Flame      |       |       |     2 |     3 ||     5
         Ignite Poison     |       |       |       |     2 ||     2
  Evoke: Wand              |       |       |     1 |       ||     1
    Use: Scroll            |       |     9 |     4 |       ||    13
         Potion            |       |     1 |       |     1 ||     2
 Armour: Robe              |     6 |    19 |    26 |     5 ||    56
  Dodge: Dodged            |    14 |    45 |    63 |     4 ||   126

Table legend: (Time is in decaauts)
 A = Elapsed time spent in this place.
 B = Non-inter-level travel time spent in this place.
 C = Inter-level travel time spent in this place.
 D = Time resting spent in this place.
 E = Time spent auto-exploring this place.
 F = Levels seen in this place.
 G = Mean time per level.
                   A        B        C        D        E       F      G
               +--------+--------+--------+--------+--------+-----+--------+
         Total |   5588 |   5454 |    134 |    414 |   4033 |  10 |  558.8 |
       Dungeon |   5466 |   5332 |    134 |    374 |   3985 |   9 |  607.3 |
         Sewer |    121 |    121 |      0 |     40 |     48 |   1 |  121.0 |
               +--------+--------+--------+--------+--------+-----+--------+

Top non-repeatable levels by time:
     D:1: 1071 daAuts
     D:2: 1029 daAuts
    D:10: 1009 daAuts
     D:6: 879 daAuts
     D:3: 690 daAuts
     D:4: 415 daAuts
     D:5: 349 daAuts
   Sewer: 121 daAuts
    D:11: 16 daAuts
     D:7: 4 daAuts
